Map: Dusk Towers

Players

LuckyOne - Winner!

  • Race: Terran Terran
  • League: Platinum

LilDicky

  • Race: Protoss Protoss
  • League: Diamond

VOD

http://www.twitch.tv/tumescentpie

Description

Time

  • Played on: Dec. 23, 2015, 9:55 p.m.
  • Length: 6:02
Show
View Real Time Build Order
Export as new Build Order

LuckyOne Terran - Winner!

Build Orders: Reaper Expand 

Get SALT Encoding   

  12  0:01  SCV  
  13  0:13  SCV  
  14  0:17  Supply Depot  
  14  0:25  SCV  
  15  0:39  SCV  
  15  0:41  Barracks  
  16  0:47  Refinery  
  16  0:51  SCV  
  17  1:04  SCV  
  18  1:16  SCV  
  19  1:32  Reaper  
  20  1:42  Command Center  
  20  1:47  Orbital Command  
  20  1:50  Refinery  
  20  2:15  SCV  
  21  2:18  Barracks Reactor  
  21  2:24  Factory  
  21  2:28  SCV  
  21  2:29  Supply Depot  
  22  2:44  SCV  
  23  2:55  Orbital Command  
  23  2:56  SCV  
  24  2:59  Marine  
  24  3:00  Marine  
  24  3:02  Bunker  
  26  3:08  SCV, Factory Tech Lab  
  26  3:10  Starport  
  27  3:25  SCV x2  
  29  3:30  Marine x2  
  29  3:31  Cyclone  
  34  3:44  SCV x2  
  34  3:48  Medivac  
  38  3:49  Marine x2  
  40  3:56  Supply Depot  
  40  3:58  Supply Depot  
  40  4:00  SCV x2  
  41  4:16  Bunker  
  41  4:19  Marine x2  
  41  4:20  Siege Tank  
  43  4:42  Supply Depot  
  43  4:43  Supply Depot  
  43  4:45  Viking  
  45  4:47  Barracks  
  45  4:48  Barracks  
  45  4:55  Siege Tank  
  41  5:27  Cyclone  
  42  5:51  Barracks Tech Lab  
Show
View Real Time Build Order
Export as new Build Order

LilDicky Protoss 

Build Orders:  

Get SALT Encoding   

  12  0:01  Probe (Chrono Boost)  
  13  0:12  Probe (Chrono Boost)  
  14  0:20  Pylon  
  14  0:27  Probe (Chrono Boost)  
  15  0:39  Probe (Chrono Boost), Assimilator  
  16  0:47  Gateway  
  16  0:51  Probe (Chrono Boost)  
  17  1:01  Probe (Chrono Boost)  
  18  1:12  Probe (Chrono Boost)  
  18  1:17  Assimilator  
  19  1:22  Probe (Chrono Boost)  
  19  1:25  Pylon  
  20  1:35  Cybernetics Core  
  20  1:37  Pylon  
  20  1:49  Probe (Chrono Boost)  
  21  1:59  Probe (Chrono Boost)  
  22  2:10  Probe (Chrono Boost)  
  23  2:17  Stargate, Warp Gate (Chrono Boost)  
  23  2:21  Probe (Chrono Boost)  
  24  2:26  Gateway  
  24  2:28  Gateway  
  24  2:33  Stalker (Chrono Boost)  
  26  2:37  Mothership Core (Chrono Boost)  
  26  2:56  Probe  
  26  3:04  Void Ray  
  30  3:08  Probe  
  30  3:39  Pylon  
  30  3:59  Void Ray  
  34  4:10  Pylon  
  34  4:14  Pylon  
  34  4:26  Pylon  
  34  4:42  Probe, Void Ray  
  39  5:03  Stalker x2  
  39  5:04  Stalker  
  34  5:45  Adept  
  34  5:46  Adept x2  
Tags
 
Add a new tag
Caveats
  • Supply blocks, unpowered buildings, or Contaminate may cause inaccurate times.
  • Supply counts are checked every 10 seconds.